Map: [ESL] Tropical Sacrifice

Players

Rex - Winner!

  • Race: Zerg Zerg
  • Spawn Location: 1:00

ButAlways

  • Race: Protoss Protoss
  • Spawn Location: 7:00

Event: DreamHack SC2 Masters 2022 Atlanta (Online)

VOD

Have the link to the VOD?

Description

Time

  • Played on: Oct. 1, 2022, 7:22 a.m.
  • Length: 14:53

All games in this series

Show
View Real Time Build Order
Export as new Build Order

Rex Zerg - Winner!

Build Orders: Hatch First 

Get SALT Encoding   

  12  0:00  Drone  
  13  0:12  Overlord  
  13  0:17  Drone  
  14  0:31  Drone x2  
  16  0:50  Hatchery  
  16  0:53  Drone  
  16  0:57  Drone  
  16  0:59  Drone  
  18  1:12  Extractor  
  18  1:15  Spawning Pool  
  18  1:18  Drone  
  17  1:22  Drone  
  18  1:28  Drone  
  19  1:47  Drone  
  19  1:52  Drone  
  21  2:00  Hatchery  
  20  2:08  Queen  
  20  2:12  Spine Crawler  
  21  2:18  Zergling x2  
  21  2:21  Zergling x2  
  23  2:24  Zergling x2  
  23  2:25  Zergling x2  
  26  2:31  Roach Warren  
  26  2:34  Zergling x2  
  26  2:38  Zergling x2  
  27  2:56  Zergling x2  
  28  2:58  Overlord  
  28  3:11  Zergling x4  
  27  3:17  Roach  
  27  3:19  Roach x3  
  33  3:23  Drone x2  
  35  3:38  Roach  
  35  3:40  Queen  
  38  3:46  Drone  
  39  3:52  Queen  
  41  4:00  Spore Crawler  
  41  4:01  Overlord  
  38  4:08  Drone x2  
  37  4:10  Drone  
  37  4:12  Drone  
  37  4:16  Drone  
  40  4:21  Drone x3  
  44  4:25  Drone  
  44  4:26  Drone  
  46  4:37  Metabolic Boost  
  46  4:40  Drone x2  
  46  4:41  Spore Crawler  
  46  4:44  Spore Crawler  
  46  4:47  Drone  
  46  4:50  Overlord  
  47  4:53  Overlord  
  47  4:56  Overlord  
  47  5:00  Overlord  
  46  5:10  Drone x3  
  46  5:11  Overlord  
  49  5:15  Drone x4  
  49  5:20  Queen  
  55  5:25  Spore Crawler  
  53  5:28  Queen  
  53  5:32  Drone x2  
  53  5:35  Drone x2  
  59  5:40  Drone x2  
  61  5:44  Drone  
  61  5:45  Drone x3  
  61  5:46  Drone  
  66  5:52  Overlord  
  66  5:53  Drone x3  
  69  5:59  Lair  
  69  6:03  Overlord  
  69  6:07  Extractor x2  
  69  6:10  Zergling x8  
  71  6:12  Drone  
  71  6:13  Drone  
  71  6:17  Drone  
  74  6:20  Drone x4  
  74  6:22  Drone  
  74  6:23  Extractor x2  
  77  6:28  Drone x4  
  77  6:31  Drone  
  77  6:32  Drone x3  
  84  6:38  Overlord  
  83  6:44  Overlord  
  83  6:50  Overlord  
  83  6:52  Roach x4  
  83  6:53  Queen  
  83  6:54  Queen  
  92  6:57  Glial Reconstitution  
  94  7:02  Roach  
  94  7:03  Roach x2  
  94  7:05  Roach  
  94  7:08  Roach x3  
  106  7:10  Drone  
  106  7:11  Drone  
  106  7:12  Drone  
  109  7:16  Roach x2  
  109  7:22  Roach  
  115  7:24  Overlord  
  115  7:25  Overlord  
  115  7:26  Queen  
  116  7:35  Hatchery  
  114  7:39  Extractor  
  114  7:41  Spire  
  112  7:45  Roach x4  
  112  7:46  Roach  
  122  7:54  Roach x5  
  122  7:58  Overlord x2  
  132  8:07  Overlord  
  132  8:10  Roach x3  
  138  8:23  Overlord x2  
  138  8:24  Overlord  
  136  8:35  Drone x12  
  136  8:39  Evolution Chamber  
  141  8:45  Extractor  
  141  8:47  Extractor  
  137  8:55  Mutalisk x6  
  149  8:56  Mutalisk  
  149  8:58  Mutalisk  
  149  9:01  Mutalisk  
  153  9:03  Mutalisk  
  155  9:10  Roach x4  
  155  9:16  Zergling x10  
  168  9:17  Hatchery  
  168  9:20  Ravager x4  
  171  9:28  Zergling x14  
  176  9:35  Zergling x12  
  182  9:40  Zerg Melee Weapons Level 1  
  182  9:41  Zerg Flyer Weapons Level 1  
  173  9:56  Roach x7  
  171  10:04  Roach x2  
  171  10:05  Roach x4  
  149  10:17  Roach x7  
  161  10:27  Zergling x18  
  170  10:31  Ravager  
  171  10:37  Zergling x16  
  171  10:40  Drone x3  
  171  10:42  Drone x2  
  170  10:52  Zergling x16  
  177  11:02  Roach x6  
  179  11:10  Roach x5  
  167  11:16  Roach x4  
  158  11:21  Roach x3  
  164  11:26  Ravager x3  
  164  11:27  Ravager  
  164  11:28  Drone  
  164  11:29  Drone x5  
  173  11:34  Roach x3  
  179  11:40  Ravager x8  
  179  11:42  Zerg Melee Weapons Level 2  
  187  11:47  Baneling Nest  
  187  11:49  Zergling x8  
  189  11:55  Zergling x12  
  190  12:17  Roach x3  
  186  12:27  Roach x7  
  178  12:33  Roach x10  
  187  12:40  Zergling x14, Roach  
  189  12:45  Roach x4  
  197  12:55  Overlord  
  197  13:02  Baneling  
  197  13:03  Baneling x14  
  197  13:13  Centrifugal Hooks  
  195  13:35  Zergling x2, Drone  
  185  13:50  Zergling x40  
  185  13:54  Roach x5  
  199  13:55  Roach x5  
  199  13:56  Roach  
  199  13:59  Roach  
  199  14:00  Roach x4  
  199  14:01  Roach  
  199  14:02  Roach x3  
  195  14:04  Roach  
  182  14:10  Roach x4  
  182  14:11  Roach x2  
  182  14:15  Roach  
  182  14:16  Roach  
  165  14:24  Roach x5  
  165  14:28  Roach x3  
  171  14:32  Roach  
  171  14:33  Ravager x7  
Show
View Real Time Build Order
Export as new Build Order

ButAlways Protoss 

Build Orders: Zealot Archon 

Get SALT Encoding   

  12  0:00  Probe  
  13  0:12  Probe  
  14  0:20  Pylon  
  14  0:24  Probe  
  15  0:38  Probe (Chrono Boost)  
  15  0:41  Gateway  
  16  0:47  Probe (Chrono Boost)  
  16  0:48  Assimilator  
  17  0:52  Probe  
  18  1:05  Probe  
  19  1:13  Forge  
  19  1:17  Probe  
  20  1:27  Zealot (Chrono Boost)  
  22  1:40  Pylon  
  22  1:42  Pylon  
  22  1:44  Pylon  
  22  1:48  Pylon  
  22  1:52  Cybernetics Core  
  22  2:00  Photon Cannon  
  22  2:05  Photon Cannon  
  22  2:06  Pylon  
  22  2:13  Pylon  
  22  2:17  Photon Cannon  
  22  2:22  Photon Cannon  
  22  2:28  Adept (Chrono Boost)  
  22  2:36  Warp Gate  
  24  2:54  Nexus  
  24  2:58  Shield Battery  
  22  2:59  Adept  
  24  3:10  Stargate  
  24  3:12  Probe (Chrono Boost)  
  25  3:21  Probe (Chrono Boost)  
  25  3:26  Probe (Chrono Boost), Assimilator  
  27  3:38  Probe  
  30  3:44  Pylon  
  30  3:50  Probe  
  33  4:02  Probe  
  33  4:08  Void Ray (Chrono Boost)  
  34  4:11  Probe  
  34  4:15  Probe  
  35  4:27  Probe x2 (Chrono Boost)  
  36  4:33  Adept  
  36  4:38  Probe (Chrono Boost)  
  40  4:40  Probe (Chrono Boost)  
  40  4:42  Void Ray, Probe (Chrono Boost)  
  45  4:48  Probe  
  45  4:52  Pylon  
  46  5:07  Nexus  
  46  5:10  Probe (Chrono Boost)  
  48  5:15  Probe (Chrono Boost)  
  48  5:20  Probe (Chrono Boost)  
  49  5:23  Probe (Chrono Boost)  
  49  5:24  Probe (Chrono Boost)  
  51  5:33  Pylon  
  51  5:34  Probe  
  52  5:35  Twilight Council  
  52  5:36  Protoss Ground Weapons Level 1, Probe  
  53  5:46  Probe  
  54  5:51  Probe  
  55  5:58  Probe  
  55  5:59  Assimilator x2  
  55  6:02  Pylon  
  55  6:03  Probe  
  57  6:06  Gateway  
  57  6:07  Pylon  
  57  6:09  Gateway  
  57  6:10  Probe  
  58  6:12  Charge (Chrono Boost)  
  58  6:15  Probe  
  59  6:21  Probe  
  59  6:22  Probe  
  61  6:30  Templar Archives  
  61  6:32  Gateway  
  61  6:34  Probe (Chrono Boost)  
  61  6:36  Probe (Chrono Boost)  
  64  6:40  Probe (Chrono Boost)  
  64  6:44  Probe (Chrono Boost)  
  64  6:45  Zealot  
  64  6:46  Probe (Chrono Boost)  
  68  6:49  Probe x2 (Chrono Boost)  
  68  6:51  Probe (Chrono Boost)  
  71  6:59  Gateway  
  71  7:01  Adept, Gateway  
  71  7:03  Probe  
  71  7:04  Gateway  
  71  7:06  Probe  
  71  7:10  Probe  
  71  7:15  Probe  
  72  7:18  Probe  
  72  7:19  Gateway  
  72  7:22  Probe  
  74  7:25  High Templar x3  
  80  7:30  Blink (Chrono Boost)  
  80  7:31  Probe  
  80  7:32  Archon, Pylon  
  80  7:35  High Templar  
  83  7:38  Probe  
  83  7:43  Archon  
  84  7:44  Nexus  
  84  7:45  Protoss Ground Weapons Level 2  
  84  7:49  Probe, Pylon  
  84  7:50  Pylon  
  85  7:52  Probe x2  
  85  7:53  Assimilator  
  85  7:55  Assimilator  
  85  7:58  Zealot x3  
  93  8:07  Pylon  
  93  8:08  Zealot x3  
  99  8:15  Gateway  
  99  8:21  Stalker  
  99  8:22  Stalker x2  
  105  8:30  Stalker x3  
  109  8:36  Stalker x2  
  109  8:40  Shield Battery  
  113  8:48  Gateway, Psionic Storm  
  113  8:49  Sentry, Gateway  
  113  8:51  Photon Cannon  
  113  8:54  Stalker  
  117  8:56  Probe x2  
  117  9:01  Probe, Pylon  
  117  9:02  Probe  
  121  9:08  Probe x2  
  123  9:13  Phoenix, Probe, High Templar x2  
  123  9:14  Probe  
  129  9:19  Pylon  
  129  9:20  Probe x2  
  129  9:22  Pylon  
  131  9:28  High Templar x2  
  135  9:34  Stalker x4  
  143  9:41  Photon Cannon  
  143  9:47  Zealot x5  
  128  10:03  Archon x2  
  128  10:05  Stalker x6  
  123  10:10  Stalker x3  
  123  10:12  Probe x3  
  123  10:14  Probe  
  130  10:20  Phoenix (Chrono Boost)  
  121  10:30  Zealot x2  
  121  10:31  Probe  
  121  10:33  Probe  
  125  10:36  Probe x2  
  125  10:39  High Templar  
  125  10:42  Phoenix (Chrono Boost)  
  131  10:44  Probe  
  131  10:45  Probe  
  131  10:48  Probe x2, Stalker  
  137  10:51  Zealot x2  
  137  10:56  Zealot x2  
  145  11:01  Zealot x2  
  135  11:11  Zealot x4  
  133  11:12  Protoss Shields Level 1 (Chrono Boost)  
  133  11:17  Probe x3  
  133  11:18  Probe  
  133  11:28  High Templar  
  133  11:29  Probe x2, High Templar  
  139  11:37  Probe  
  139  11:38  Probe, Assimilator  
  139  11:39  Assimilator  
  141  11:41  Probe x2, High Templar x2  
  147  11:47  Photon Cannon  
  147  11:48  Photon Cannon  
  147  11:49  Probe  
  147  11:50  Shield Battery, Probe  
  147  11:51  Zealot x2  
  153  12:02  Zealot x5  
  161  12:08  Stalker  
  161  12:13  Zealot  
  155  12:21  Zealot x3  
  141  12:27  Zealot x3  
  130  12:35  Zealot  
  130  12:36  Pylon  
  125  12:41  Stalker x3  
  128  12:47  Pylon  
  128  12:50  High Templar x3  
  138  12:54  Archon, Void Ray  
  138  12:57  Archon  
  138  12:58  Fleet Beacon  
  138  13:04  Photon Cannon  
  138  13:11  Stargate  
  138  13:18  Zealot x4  
  146  13:21  Shield Battery  
  146  13:22  Shield Battery  
  146  13:24  Zealot x3  
  152  13:30  Shield Battery  
  152  13:39  Stalker  
  154  13:43  Void Ray  
  154  13:48  Stalker x2  
  150  13:55  Stalker x2  
  103  14:03  Zealot x2  
  103  14:04  Probe  
  103  14:08  Probe (Chrono Boost)  
  106  14:12  Probe (Chrono Boost)  
  106  14:16  Probe (Chrono Boost)  
  106  14:17  Probe (Chrono Boost)  
  89  14:23  Probe (Chrono Boost)  
  82  14:27  Probe (Chrono Boost)  
  82  14:28  Probe (Chrono Boost)  
  82  14:29  Probe (Chrono Boost)  
  82  14:30  Probe (Chrono Boost)  
  78  14:34  Probe (Chrono Boost)  
  80  14:39  Probe (Chrono Boost)  
  80  14:41  Probe x2 (Chrono Boost)  
  83  14:46  Probe (Chrono Boost)  
Tags
 
Add a new tag
Caveats
  • Supply blocks, unpowered buildings, or Contaminate may cause inaccurate times.
  • Supply counts are checked every 10 seconds.